 Dungeon Crawl Stone Soup version 0.26.1-11-gd32895ea62 (webtiles) character file.

Game seed: 14911955230257039225

2001 Revguard the Ducker (level 9, -1/66 HPs)
             Began as a Demonspawn Gladiator on May 1, 2021.
             Was a Believer of Vehumet.
             Killed from afar by an orc wizard (8 damage)
             ... with a magic dart
             ... on level 7 of the Dungeon.
             The game lasted 00:21:54 (7736 turns).

Revguard the Ducker (Demonspawn Gladiator)          Turns: 7736, Time: 00:21:56

Health: -1/66      AC:  9    Str: 15    XL:     9   Next: 2%
Magic:  14/14      EV: 17    Int: 12    God:    Vehumet [**....]
Gold:   327        SH:  0    Dex: 15    Spells: 13/14 levels left

rFire    . . .     SeeInvis .   a - +1 long sword
rCold    + . .     Faith    .   (no shield)
rNeg     . . .     Spirit   .   g - +0 swamp dragon scales
rPois    +         Reflect  .   (helmet restricted)
rElec    .         Harm     .   o - +0 cloak
rCorr    .         Rampage  .   (no gloves)
Will     .....                  (no boots)
Stlth    ++........             (no amulet)
HPRegen  0.21/turn              h - +4 ring of protection
MPRegen  0.14/turn              (no ring)

@: no status effects
A: antennae 1, claws 2, repulsion field 2, blurry vision 1, cold resistance 1,
deformed body, foul stench 1, miasma immunity
a: Renounce Religion


You were on level 7 of the Dungeon.
You worshipped Vehumet.
Vehumet was pleased with you.
You visited 1 branch of the dungeon, and saw 7 of its levels.

You collected 431 gold pieces.
You spent 104 gold pieces at shops.

Inventory:

Hand Weapons
 a - a +1 long sword (weapon)
Missiles
 d - 3 throwing nets (quivered)
Armour
 b - a +1 leather armour
 c - a +0 helmet
 g - +0 swamp dragon scales (worn)
 o - a +0 cloak (worn)
 p - a scarf of harm
Jewellery
 h - a +4 ring of protection (left claw)
 r - an uncursed ring of ice
Wands
 j - a wand of digging (4)
 q - a wand of flame (11)
Scrolls
 e - a scroll of remove curse
 i - 2 scrolls of enchant armour
 k - a scroll of teleportation
 m - 4 scrolls of identify
Potions
 f - 2 potions of brilliance
 l - a potion of curing
 s - 2 potions of flight


   Skills:
 + Level 4.5 Fighting
 + Level 4.6 Long Blades
 - Level 1.7 Throwing
 + Level 3.4 Armour
 * Level 6.0 Dodging
 + Level 4.0 Stealth
 + Level 3.4 Spellcasting
 + Level 0.6 Fire Magic
 + Level 3.6 Evocations


You had 13 spell levels left.
You knew the following spells:

 Your Spells              Type           Power        Failure   Level
a - Foxfire               Conj/Fire      8%           36%         1

Your spell library contained the following spells:

 Spells                   Type           Power        Failure   Level
 Searing Ray              Conj           4%           56%         2
 Beastly Appendage        Tmut           4%           41%         1
 Wereblood                Tmut           2%           56%         2
 Spider Form              Tmut/Pois      1%           80%         3
 Ice Form                 Ice/Tmut       2%           99%         4
 Blade Hands              Tmut           1%           100%        5


Dungeon Overview and Level Annotations

Branches:
Dungeon (7/15)             Temple (0/1) D:5

Altars:
Elyvilon
Nemelex Xobeh
Okawaru
Ru
Sif Muna
Trog
Uskayaw
Vehumet
Xom
Zin

Shops:
D:4 :   D:6 !


Innate Abilities, Weirdness & Mutations

You have very sharp fingernails.
You are surrounded by a moderate repulsion field. (EV +3)
You may emit foul miasma when damaged in melee.
You are immune to miasma.
You have a pair of small antennae on your head.
Scrolls take you a little longer to read.
Your flesh is cold resistant. (rC+)
Armour fits poorly on your strangely shaped body.


Message History

The orc wizard gestures at you while chanting.
The puff of frost hits you. You resist.
* * * LOW HITPOINT WARNING * * *
The orc wizard misses you.
You riposte.
You barely miss the orc wizard. You hit the orc wizard.
The orc wizard is almost dead.
The orc wizard casts a spell at you. The puff of flame misses you.
The orc wizard hits you but does no damage.
The orc wizard gestures at you while chanting.
The puff of flame hits you.
* * * LOW HITPOINT WARNING * * *
You barely miss the orc wizard.
The orc wizard is almost dead.
The orc wizard completely misses you.
The orc wizard hits you but does no damage.
The orc wizard closely misses you.
The orc wizard gestures at you while chanting.
The magic dart hits you!
You die...

.............
............
.........<.#
#.........## #
#..........# ..
#.........##..#
#......o.....#
#......@....#
##....)..o...#
#.....†.....##
##.....).....#
#............#
.............#
.............#
#........##...#
#........# #..#
###


You could see 2 orc wizards.

Vanquished Creatures
  Maggie (D:7)
  2 black bears (D:6)
  2 ogres
  5 centaurs
  A bullfrog (D:6)
  A jelly (D:6)
  6 orc priests
  11 orc wizards
  An iguana (D:6)
  5 worker ants
  A hound skeleton (D:4)
  2 gnolls (D:3)
  5 adders
  A shadow imp (D:7)
  A white imp (D:7)
  An adder zombie (D:6)
  2 adder skeletons
  3 worms
  3 dart slugs
  5 leopard geckos
  26 orcs
  7 bats
  6 giant cockroaches
  5 goblins
  10 hobgoblins
  20 jackals
  2 quokkas (D:2)
  2 ball pythons
  A ball python skeleton (D:5)
  5 frilled lizards
  7 kobolds
  A leopard gecko skeleton (D:5)
  4 rats
155 creatures vanquished.

Vanquished Creatures (others)
  A howler monkey (D:7)
1 creature vanquished.

Grand Total: 156 creatures vanquished

Notes
Turn   | Place    | Note
-------+----------+-------------------------------------------
     0 | D:1      | Revguard the Demonspawn Gladiator began the quest for the
                  | Orb.
     0 | D:1      | Reached XP level 1. HP: 16/16 MP: 1/1
   154 | D:1      | Gained mutation: You have sharp fingernails. [demonic
                  | ancestry]
   154 | D:1      | Reached XP level 2. HP: 21/22 MP: 2/2
   423 | D:1      | Reached skill level 1 in Stealth
   628 | D:1      | Reached skill level 3 in Dodging
   628 | D:1      | Gained mutation: You are immune to miasma. [demonic
                  | ancestry]
   628 | D:1      | Reached XP level 3. HP: 28/28 MP: 3/3
  1148 | D:2      | Found a radiant altar of Vehumet.
  1193 | D:2      | Became a worshipper of Vehumet
  1479 | D:2      | Found a shimmering altar of Xom.
  1673 | D:2      | Found a sacrificial altar of Ru.
  1675 | D:2      | Found a glowing silver altar of Zin.
  1980 | D:2      | Gained mutation: You have very sharp fingernails. [potion
                  | of mutation]
  1980 | D:2      | Gained mutation: You are robust. (+10% HP) [potion of
                  | mutation]
  2102 | D:3      | Found a sparkling altar of Nemelex Xobeh.
  2107 | D:3      | Found a white marble altar of Elyvilon.
  2190 | D:3      | Reached XP level 4. HP: 26/37 MP: 5/5
  2209 | D:3      | Reached skill level 1 in Spellcasting
  2213 | D:3      | Reached skill level 1 in Armour
  2537 | D:3      | Reached * piety under Vehumet
  2537 | D:3      | Offered knowledge of Sandblast by Vehumet.
  2723 | D:3      | Found an iron altar of Okawaru.
  2731 | D:3      | Gained mutation: You are surrounded by a mild repulsion
                  | field. (EV +2) [demonic ancestry]
  2731 | D:3      | Reached XP level 5. HP: 42/42 MP: 6/6
  3440 | D:4      | Reached skill level 1 in Evocations
  3498 | D:4      | Gained mutation: You may emit foul miasma when damaged in
                  | melee. [demonic ancestry]
  3498 | D:4      | Reached XP level 6. HP: 40/50 MP: 8/8
  3500 | D:4      | Reached skill level 4 in Dodging
  3512 | D:4      | Found Fesmies's Book Emporium.
  3667 | D:4      | You fall into a shaft and drop 2 floors!
  3830 | D:6      | Found a bloodstained altar of Trog.
  3841 | D:6      | Found a shimmering blue altar of Sif Muna.
  3864 | D:6      | Mutation became permanent: You have sharp fingernails.
                  | [demonic ancestry]
  3864 | D:6      | Gained mutation: You have very sharp fingernails. [demonic
                  | ancestry]
  3864 | D:6      | Reached XP level 7. HP: 45/57 MP: 9/9
  3879 | D:6      | Reached ** piety under Vehumet
  4251 | D:6      | Found a hide-covered altar of Uskayaw.
  4251 | D:6      | Noticed a +0 dagger
  4252 | D:6      | Noticed a +0 dagger
  4315 | D:6      | Offered knowledge of Foxfire by Vehumet.
  4465 | D:6      | Found Kiereos's Distillery.
  4480 | D:6      | Bought a potion of mutation for 104 gold pieces
  4480 | D:6      | Lost mutation: You are robust. (+10% HP) [potion of
                  | mutation]
  4480 | D:6      | Gained mutation: Armour fits poorly on your strangely
                  | shaped body. [potion of mutation]
  4480 | D:6      | Gained mutation: Your flesh is cold resistant. (rC+)
                  | [potion of mutation]
  4480 | D:6      | Gained mutation: Scrolls take you a little longer to read.
                  | [potion of mutation]
  4480 | D:6      | Gained mutation: You have a pair of small antennae on your
                  | head. [potion of mutation]
  5014 | D:5      | Entered Level 5 of the Dungeon
  5141 | D:5      | Reached skill level 5 in Dodging
  5227 | D:5      | Found a staircase to the Ecumenical Temple.
  5245 | D:5      | Gained mutation: You are surrounded by a moderate repulsion
                  | field. (EV +3) [demonic ancestry]
  5245 | D:5      | Reached XP level 8. HP: 52/60 MP: 11/11
  6789 | D:7      | Noticed Maggie
  6804 | D:7      | Killed Maggie
  6853 | D:7      | Learned a level 1 spell: Foxfire
  7209 | D:7      | Reached skill level 6 in Dodging
  7701 | D:7      | Reached XP level 9. HP: 65/66 MP: 14/14
  7718 | D:7      | Offered knowledge of Searing Ray by Vehumet.
  7736 | D:7      | Killed from afar by an orc wizard

Illustrated notes

Levels and vault maps discovered:
D:1:      scummos_arrival_forest, layout_loops_ring
D:2:      layout_basic, xom_teletrap_fun, lemuel_crystal_altar,
          nicolae_overflow_hidden_temple
D:3:      layout_loops_ring, minitemple, serial_park_tiny_2, grunt_ministairs_5,
          minmay_misc_feat_roman, okawaru_altar_gauntlet_db
D:4:      layout_loops_ring, serial_shops,
          nicolae_shop_competitors_out_of_business
D:5:      layout_rooms, minmay_temple_entry_mist, minmay_misc_feat_hallway
D:6:      layout_rooms, led_sif_book, dancing_weapons_uskayaw,
          trog_ov_bears_minmay, serial_shops, shop, kennysheep_small_square
D:7:      kennysheep_orc_sif_temple, layout_layer_cave,
          lemuel_zombie_altar_yredelemnul, uniq_maggie

Skill      XL: |  1  2  3  4  5  6  7  8 |
---------------+-------------------------+-----
Stealth        | 1 2 3 4 |  4.0
Dodging        | 3 4 5 6 |  6.0
Long Blades    | 3 4 |  4.6
Spellcasting   | 1 2 3 |  3.4
Armour         | 1 2 3 |  3.4
Evocations     | 1 2 3 |  3.6
Fighting       | 3 4 |  4.5
Throwing       | |  1.7
Fire Magic     | |  0.6

Action                   |  1- 3 |  4- 6 |  7- 9 || total
-------------------------+-------+-------+-------++-------
Melee: Long sword        |   117 |   212 |   232 ||   561
Evoke: Wand              |       |       |    10 ||    10
  Use: Potion            |     7 |     6 |     6 ||    19
       Scroll            |     5 |     6 |     4 ||    15
 Stab: Sleeping          |     3 |     2 |     3 ||     8
Armor: Leather armour    |    44 |   113 |    66 ||   223
       Swamp dragon scal |       |       |    37 ||    37
Dodge: Dodged            |   107 |   261 |   278 ||   646
       Rpst.: Long sword |    35 |    74 |    88 ||   197
